 Dungeon Crawl Stone Soup version 0.18-a0-1361-g9293dd1 (webtiles) character file.

163 Minkie the Digger (level 5, 28/28 HPs)
             Began as a Gargoyle Earth Elementalist on Feb 20, 2016.
             Was a Follower of Ashenzari.
             Quit the game on level 4 of the Dungeon.
             The game lasted 00:13:36 (2779 turns).

Minkie the Digger (Gargoyle Earth Elementalist)     Turns: 2779, Time: 00:13:36

Health: 28/28      AC:  9    Str: 12    XL:     5   Next: 44%
Magic:  10/10      EV: 12    Int: 16    God:    Ashenzari [*.....]
Gold:   124        SH:  0    Dex: 10    Spells: 2 memorised, 6 levels left

rFire  . . .     SeeInvis .     b - 118 stones
rCold  . . .     Gourm    .     a - +0 robe
rNeg   + + .     Faith    .     (no shield)
rPois  ∞         Spirit   .     (no helmet)
rElec  +         Dismiss  .     (no cloak)
rCorr  .         Reflect  .     (no gloves)
SustAt .         Harm     .     y - +2 pair of boots (curse)
MR     .....                    (no amulet)
Stlth  ++........               (no ring)
                                l - ring of positive energy

@: not resistant to hostile enchantments, unstealthy
A: negative energy resistance 1, electricity resistance, unbreathing,
petrification resistance, rot immunity, AC +4
a: Curse Item, Scrying, Renounce Religion


You were on level 4 of the Dungeon.
You worshipped Ashenzari.
Ashenzari was aware of your devotion.
You were not hungry.

You visited 1 branch of the dungeon, and saw 4 of its levels.

You collected 124 gold pieces.

Inventory:

Hand Weapons
 k - a +0 mace
Missiles
 b - 118 stones (in hand)
 u - 13 tomahawks (quivered)
Armour
 a - a +0 robe (worn)
 y - a cursed +2 pair of boots (worn)
 D - the +15 Maxwell's patent armour {-Cast -Tele rElec MR+ rCorr}
   (You found it on level 4 of the Dungeon)

   It insulates you from electricity.
   It affects your resistance to hostile enchantments.
   It prevents spellcasting.
   It prevents most forms of teleportation.
   It protects you from acid and corrosion.
Jewellery
 l - a ring of positive energy (left hand)
Scrolls
 h - a scroll of immolation {unknown}
 j - 5 scrolls of identify {unknown}
 m - a scroll of enchant weapon {unknown}
 n - a scroll of teleportation {unknown}
 q - a scroll of magic mapping {unknown}
 t - 2 scrolls of fog {unknown}
 v - 2 scrolls of amnesia {unknown}
 w - a scroll of blinking {unknown}
 x - a scroll of remove curse
Potions
 e - a potion of flight {unknown}
 i - a potion of might {unknown}
 o - 2 potions of ambrosia {unknown}
 p - 4 potions of curing {unknown}
 z - a potion of mutation {unknown}
 A - a potion of agility {unknown}
 B - a potion of heal wounds {unknown}
Books
 c - a book of Geomancy

   Spells                             Type                      Level
   a - Sandblast                      Earth                        1
   b - Passwall                       Transmutation/Earth          2
   c - Stone Arrow                    Conjuration/Earth            3
   d - Petrify                        Transmutation/Earth          4
   e - Lee's Rapid Deconstruction     Earth                        5
Comestibles
 d - 2 bread rations
 f - 2 meat rations
 g - 4 fruits
 r - 3 chunks of flesh
 s - a slice of pizza
 C - a beef jerky


   Skills:
 - Level 1.5 Dodging
 - Level 2.1 Stealth
 + Level 3.4 Spellcasting
 + Level 1.8 Conjurations
   Level 0.7 Transmutations
 + Level 5.5 Earth Magic


You had 6 spell levels left.
You knew the following spells:

 Your Spells              Type           Power        Failure   Level  Hunger
a - Sandblast             Erth           ###...       1%          1    None
b - Stone Arrow           Conj/Erth      ##....       12%         3    ###....


Dungeon Overview and Level Annotations

Branches:
Dungeon (4/15)
 Temple: D:4-7

Altars:
Ashenzari
Sif Muna
Yredelemnul


Innate Abilities, Weirdness & Mutations

You are resistant to torment.
Your stone body is resilient (AC +4).
You are immune to poison.
You resist negative energy.
You are resistant to electric shocks.
You can survive without breathing.
You are immune to petrification.
You are immune to rotting.


Message History

Aim: a worker ant (moderately wounded)
The rocky blast hits the worker ant.
The worker ant is almost dead.
The worker ant bites you.
Casting: Sandblast
Confirm with . or Enter, or press ? or * to list all spells.
Aiming: Sandblast
Press: ? - help, Shift-Dir - straight line, f/p - worker ant
Aim: a worker ant (almost dead)
The rocky blast hits the worker ant.
You kill the worker ant!
C - a beef jerky HP restored.
Found a stone staircase leading up.
Some of the chunks of flesh in your inventory have rotted away.
Found a stone staircase leading down.
t - 2 scrolls labeled USAAPY FAUPP (gained 1)
You see here the +15 Maxwell's patent armour {-Cast -Tele rElec MR+ rCorr}.
D - the +15 Maxwell's patent armour {-Cast -Tele rElec MR+ rCorr} Are you sure you want to abandon this character and quit the game? (Confirm with "yes".)

#.#...#.#.# #.#.#
#.#.#.#.#.#####.#.#
#.#.#.#.#.......#.#
#.#...........###.#
#.#.#.#.#####.#...#
#.#.#.#.......#.###
#.###.#.#######.#
#.............#.##
#####@...........#
#######......#
.....#+#..# ###..+
+..# #..# #..# #...
..## #... ..# ###
####


There were no monsters in sight!

Vanquished Creatures
  A worker ant (D:4)
  6 adders
  An ooze (D:2)
  3 worms
  2 giant geckos (D:3)
  9 orcs (D:3)
  8 bats
  3 giant cockroaches (D:2)
  2 gnoll zombies (D:3)
  6 hobgoblins
  4 jackals (D:2)
  A quokka (D:3)
  A ball python (D:1)
  2 giant newts
  3 goblins
  6 kobolds
  6 rats
64 creatures vanquished.

Notes
Turn   | Place    | Note
--------------------------------------------------------------
     0 | D:1      | Minkie the Gargoyle Earth Elementalist began the quest for the Orb.
     0 | D:1      | Reached XP level 1. HP: 10/10 MP: 3/3
   520 | D:2      | Reached XP level 2. HP: 15/15 MP: 5/5
   562 | D:2      | Found a shattered altar of Ashenzari.
   572 | D:2      | Reached skill level 4 in Earth Magic
   792 | D:2      | Became a worshipper of Ashenzari the Shackled
   862 | D:2      | Reached XP level 3. HP: 1/19 MP: 4/7
  1271 | D:2      | Learned a level 3 spell: Stone Arrow
  1627 | D:2      | Reached XP level 4. HP: 20/24 MP: 2/8
  1929 | D:3      | Reached skill level 5 in Earth Magic
  2052 | D:3      | Reached skill level 1 in Conjurations
  2183 | D:3      | Reached XP level 5. HP: 28/28 MP: 7/10
  2457 | D:3      | Found a basalt altar of Yredelemnul.
  2569 | D:3      | Found a deep blue altar of Sif Muna.
  2669 | D:4      | Reached * piety under Ashenzari
  2779 | D:4      | Quit the game

Vault maps used:
D:1:      minmay_arrival_up_and_down
D:2:      ashenzari_conservatory_becter
D:3:      lemuel_zombie_altar_yredelemnul, lemuel_doored_altar,
          dk_noncrumbling_2
D:4:      kennysheep_mini_moat, first_bread

Action                   |  1- 3 |  4- 6 || total
-------------------------+-------+-------++-------
Melee: Dagger            |    14 |       ||    14
       Mace              |    45 |       ||    45
       Unarmed           |     3 |       ||     3
 Cast: Sandblast         |    31 |    59 ||    90
Invok: Curse Item        |       |     1 ||     1
  Eat: Chunk             |     2 |     4 ||     6
